 Dungeon Crawl Stone Soup version 0.28-a0-1435-g82390b3a13 (webtiles) character file.

Game seed: 3374215488719040673

830970 Zonian the Sorcerer (level 27, -22/223 (228) HPs)
             Began as a Djinni Ice Elementalist on Dec 29, 2021.
             Was the Champion of Ashenzari.
             Killed from afar by Doraj the pandemonium lord (75 damage)
             ... with an arc of chain lightning
             ... in Pandemonium on Jan 9, 2022.
             The game lasted 10:54:49 (172422 turns).

Zonian the Sorcerer (Djinni Ice Elementalist)     Turns: 172422, Time: 10:54:50

HP:   -22/223 (228) AC: 25    Str: 21    XL:     27
Gold: 9915          EV: 29    Int: 22    God:    Ashenzari [******] SH:  5 Dex: 23

rFire   + + +      SeeInvis +   y - +5 scythe "Finisher" {speed, eviscerate, Melee, Self} (curse)
rCold   + . .      Faith    .   (shield currently unavailable)
rNeg    + . .      Spirit   .   V - +5 ring mail of Ashenzari's Vexation {Will+, Melee, Range} (curse)
rPois   ∞          Reflect  +   D - +0 helmet of Supernal Knowledge {rF+ rC+ rN+ Regen+, Self, Fort} (curse)
rElec   +          Harm     .   F - +2 cloak of Curses and Power {rCorr, Self, Evo} (curse)
rCorr   +          Rampage  .   o - +2 pair of gloves of the Ruined Portent {Str+3, Range, Melee} (curse)
Will    +++..      Clarity  +   (boots unavailable)
Stlth   +++++++... Rnd*Tele +   Q - amulet of Ashenzari's Sun {Reflect rElec rF+ SH+5, Evo, Range} (curse)
HPRegen 1.27/turn               W - ring of Ashenzari's Affliction {rC+ Str+5 Int+2, Self, Range} (curse)
MPRegen 0.00/turn               s - ring of the Chained Inaction {Str+6, Range, Cun} (curse)

@: flying, hasted, lightly drained, unable to read, very quick
A: sickness immunity, fire resistance 2, cold vulnerability 1, float, innate
caster, hp casting, extra vitality 1, agile 1, dopey 2, shaggy fur 1,
teleportitis 1, inability to read while threatened
}: 6/15 runes: serpentine, slimy, silver, abyssal, demonic, gossamer
a: Renounce Religion, Shatter the Chains


You were in Pandemonium.
You worshipped Ashenzari.
Ashenzari was exalted by your worship.
You visited 13 branches of the dungeon, and saw 61 of its levels.
You visited Pandemonium 1 time, and saw 5 of its levels.
You visited the Abyss 4 times.

You collected 11815 gold pieces.
You spent 1900 gold pieces at shops.

Inventory:

Hand Weapons
 j - a +1 demon trident of venom
 y - the cursed +5 scythe "Finisher" (weapon) {speed, eviscerate, Melee, Self}
   (You found it on level 8 of the Dungeon)

   Attacks with this weapon are significantly faster.
   It may eviscerate those it strikes, slaying them instantly, with a decreasing
   chance against stronger foes.
   It has a curse which improves the following skills: Melee Combat: Short
   Blades, Long Blades, Axes, Maces & Flails, Polearms, Staves and Unarmed
   Combat.
   Introspection: Fighting and Spellcasting.
Missiles
 b - 6 javelins (quivered)
 m - 11 curare-tipped darts
 r - 6 silver javelins
 C - 7 silver boomerangs
 E - 5 boomerangs
 T - 2 boomerangs of dispersal
Armour
 f - a +1 robe of the Archmagi
 o - the cursed +2 pair of gloves of the Ruined Portent (worn) {Str+3, Range, Melee}
   (You found it on level 3 of the Elven Halls)

   It has a curse which improves the following skills: Ranged Combat: Slings,
   Bows, Crossbows and Throwing.
   Melee Combat: Short Blades, Long Blades, Axes, Maces & Flails, Polearms,
   Staves and Unarmed Combat.
 D - the cursed +0 helmet of Supernal Knowledge (worn) {rF+ rC+ rN+ Regen+, Self, Fort}
   (You found it on level 5 of the Vaults)

   rF:        It protects you from fire.
   rC:        It protects you from cold.
   rN:        It protects you from negative energy.
   Regen:     It increases your rate of health regeneration.
   It has a curse which improves the following skills: Introspection: Fighting
   and Spellcasting.
   Fortitude: Armour and Shields.
 F - the cursed +2 cloak of Curses and Power (worn) {rCorr, Self, Evo}
   (You found it on level 2 of the Lair of Beasts)

   It has a curse which improves the following skills: Introspection: Fighting
   and Spellcasting.
   Evocations: Evocations.
 U - the +3 cloak "Gowah" {*Corrode rElec rF+ Str+3}
   (You found it on level 4 of the Spider Nest)

   Str:       It affects your strength (+3).
   rF:        It protects you from fire.
   rElec:     It insulates you from electricity.
   *Corrode:  It may corrode you when you take damage.
 V - the cursed +5 ring mail of Ashenzari's Vexation (worn) {Will+, Melee, Range}
   (You found it on level 4 of the Realm of Zot)

   It has a curse which improves the following skills: Melee Combat: Short
   Blades, Long Blades, Axes, Maces & Flails, Polearms, Staves and Unarmed
   Combat.
   Ranged Combat: Slings, Bows, Crossbows and Throwing.
Jewellery
 s - the cursed ring of the Chained Inaction (right hand) {Str+6, Range, Cun}
   (You found it on level 6 of the Dungeon)

   [ring of strength]

   Str:       It affects your strength (+6).
   It has a curse which improves the following skills: Ranged Combat: Slings,
   Bows, Crossbows and Throwing.
   Cunning:   Dodging and Stealth.
 Q - the cursed amulet of Ashenzari's Sun (around neck) {Reflect rElec rF+ SH+5, Evo, Range}
   (You bought it in a shop on level 2 of the Snake Pit)

   [amulet of reflection]

   It reflects blocked missile attacks.
   rF:        It protects you from fire.
   rElec:     It insulates you from electricity.
   SH:        It affects your SH (+5).
   It has a curse which improves the following skills: Evocations: Evocations.
   Ranged Combat: Slings, Bows, Crossbows and Throwing.
 W - the cursed ring of Ashenzari's Affliction (left hand) {rC+ Str+5 Int+2, Self, Range}
   (You acquired it on level 4 of the Spider Nest)

   [ring of protection from cold]

   Str:       It affects your strength (+5).
   Int:       It affects your intelligence (+2).
   rC:        It protects you from cold.
   It has a curse which improves the following skills: Introspection: Fighting
   and Spellcasting.
   Ranged Combat: Slings, Bows, Crossbows and Throwing.
Wands
 d - a wand of flame (28)
 v - a wand of charming (1)
 x - a wand of iceblast (19)
 H - a wand of paralysis (35)
 J - a wand of digging (36)
 L - a wand of acid (9)
 Z - a wand of mindburst (17)
Scrolls
 e - 20 scrolls of teleportation
 g - a scroll of summoning
 h - 4 scrolls of enchant weapon
 l - 2 scrolls of blinking
 q - 5 scrolls of magic mapping
 z - a scroll of fog
 B - 4 scrolls of silence
 N - 3 scrolls of immolation
 O - 6 scrolls of fear
 P - 2 scrolls of holy word
 R - a scroll of enchant armour
Potions
 c - 14 potions of brilliance
 i - 3 potions of resistance
 k - 8 potions of might
 n - 6 potions of haste
 p - 2 potions of invisibility
 w - 6 potions of cancellation
 A - 11 potions of lignification
 G - 11 potions of curing
 K - 3 potions of ambrosia
 S - 5 potions of berserk rage
 X - a potion of heal wounds
Miscellaneous
 a - a phantom mirror
 t - a box of beasts
 u - the horn of Geryon
 I - a lightning rod (4/4)
 M - a piece from Xom's chessboard (15/15)
 Y - a condenser vane


   Skills:
 - Level 22.0(27) Fighting
 - Level 21.6(26.3) Polearms
 - Level 8.0(15.0) Throwing
 - Level 19.0(21.4) Armour
 + Level 20.5(22.8) Dodging
 - Level 17.8(20.3) Stealth
 + Level 26.2(27) Spellcasting
 - Level 16.3(20.1) Evocations


You couldn't memorise any spells.
You knew the following spells:

 Your Spells              Type           Power      Damage    Failure   Level
a - Freeze                Ice            100%       1d11      0%          1
b - Frozen Ramparts       Ice            100%       1d12      0%          3
c - Ozocubu's Armour      Ice            99%        N/A       0%          3
d - Hailstorm             Conj/Ice       99%        3d19      0%          4
e - Beastly Appendage     Tmut           100%       N/A       0%          1
f - Corpse Rot            Necr/Air       100%       N/A       0%          2
g - Swiftness             Air            99%        N/A       0%          3
h - Cause Fear            Hex            49%        N/A       0%          4
i - Agony                 Necr           99%        N/A       0%          5
j - Borgnjor's Vile Clut  Necr/Erth      49%        N/A       0%          5
k - Starburst             Conj/Fire      49%        6d14      0%          6
l - Statue Form           Tmut/Erth      66%        N/A       0%          6
m - Death Channel         Necr           49%        N/A       0%          6
n - Maxwell's Capacitive  Air            49%        ∞         1%          8
o - Infestation           Necr           49%        N/A       1%          8
p - Ignition              Fire           49%        3d14      1%          8
q - Dragon's Call         Summ           49%        N/A       1%          9
Your spell library was empty.

Dungeon Overview and Level Annotations

Branches:
Dungeon (15/15)            Temple (0/1) D:4            Lair (6/6) D:9
  Snake (4/4) Lair:2       Spider (4/4) Lair:3        Slime (5/5) Lair:6
    Orc (2/2) D:9             Elf (3/3) Orc:2        Vaults (5/5) D:13
  Crypt (3/3) Vaults:3       Tomb (0/3) Crypt:3      Depths (4/4) D:15
   Hell (visited)             Dis (0/7) Hell            Geh (5/7) Hell
    Coc (0/7) Hell            Tar (0/7) Hell            Zot (4/5) Depths:4

Altars:
Ashenzari
Cheibriados
Dithmenos
Elyvilon
Hepliaklqana
Kikubaaqudgha
Sif Muna
Trog
Vehumet
Wu Jian
Xom
Yredelemnul
The Shining One
Jiyva
Lugonu

Shops:
D:6 (   Orc:2 ![=!   Elf:1 *   Snake:2 ([*   Snake:4 =::   Vaults:1 [

Portals:
Hell: Depths:1 Depths:2 Depths:3 Depths:4
Abyss: Depths:1 Depths:3 Depths:4
Pandemonium: Depths:2
Ziggurat: Depths:2
Trove: D:15 (give 14 potions of heal wounds)

Annotations:
D:5 Dowan, Duvessa
D:6 1 runed translucent door, Crazy Yiuf
Snake:1 Roxanne
Elf:2 1 runed translucent door, Noecs's ghost, adept DjWr


Innate Abilities, Weirdness & Mutations

You are immune to sickness and miasma.
You are immune to poison.
Your flesh is very heat resistant. (rF++)
You are vulnerable to cold. (rC-)
You float through the air rather than walking.
You learn spells naturally, not from books.
Your magical power is your life essence.
You have superior vitality. (+4 MHP)
You are agile. (Dex +2)
You are very dopey. (Int -4)
You are covered in fur. (AC +1)
You are occasionally teleported next to monsters.
You sometimes lose the ability to read scrolls when taking damage.


Message History

The zombie hands constrict Doraj.
Doraj hits you.
The Ice Fiend calls on the powers of darkness!
Your body is wracked with pain!
Unknown command.
You completely miss Doraj.
Doraj is moderately wounded.
The zombie hands constrict Doraj, but do no damage.
You slice Doraj!!
Doraj is moderately wounded.
The zombie hands constrict Doraj.
Doraj hits you! Doraj burns you.
You slash Doraj!
Doraj is heavily wounded.
The zombie hands constrict Doraj.
You hit Doraj but do no damage.
Doraj is heavily wounded.
The zombie hands constrict Doraj.
Doraj hits you!!
You feel threatened and lose the ability to read scrolls!
The balrug misses you.
You feel much better.
The zombie hands constrict Doraj.
The balrug gestures at you. The sticky flame misses you. Doraj gestures at you.
The iron shot hits you!!!
* * * LOW HITPOINT WARNING * * *
You feel much better.
The zombie hands constrict Doraj!!
The balrug hits you with a +0 vampiric demon whip.
You are engulfed in flames.
You resist. Doraj completely misses you.
You feel yourself speed up.
The zombie hands constrict Doraj!
The balrug completely misses you. Doraj hits you but does no damage.
You hit Doraj.
Doraj is severely wounded.
The zombie hands constrict Doraj!
The balrug hits you with a +0 vampiric demon whip!
* * * LOW HITPOINT WARNING * * *
You are engulfed in flames.
You resist.
* * * LOW HITPOINT WARNING * * *
Doraj gestures.
Lightning arcs from Doraj's claws!
The bolt of lightning hits you!!!! You resist.
You die...

.......##.#####.####...# * *,,
.......##.####....)..# ,,*,* ,
.......#...###.###..##, ,., ' *'
.......#.......###..#, ,.. *,
.........#.###.###.###... ,
.......###.###.##..#.#'# **,* ,
......####.###.##..#..# {* + , ,
.....#####.###.##&.#..##* , * *,
....######.###..@21'...#* {∩ ,,'
..#.######.###.###.#..## ,* ,
..#..###.....).###.#..# * + ,,,
..##.......###.###.#.#'#* *{ ,,,
.....###..##....##.###... {
..##.###.........#..#..... **, ,
..##.####(##.....#..##.... ' ,*+
####.####.##.........##'. ,* ##.
####.####.###....###.).########..


You could see Doraj (clutched), an Ice Fiend and a balrug.

Vanquished Creatures
  the Royal Jelly (Slime:5)
  3 dread liches
  5 ancient liches
  3 pandemonium lords (Pan)
  A juggernaut (Depths:3)
  The ghost of Switch the Slayer, a veteran DDFi of Makhleb (Vaults:1)
  Vashnia (Snake:2)
  A Killer Klown (Zot:4)
  Geryon (Hell)
  Nikola (Snake:1)
  A curse toe (Zot:3)
  6 golden dragons
  Jory (Depths:3)
  A profane servitor (Abyss:2)
  13 bone dragons
  Arachne (Spider:3)
  An electric golem (Zot:2)
  A Brimstone Fiend (Pan)
  12 tentacled monstrosities
  Mlioglotl (Spider:1)
  11 searing wretches
  2 Hell Sentinels
  10 liches
  3 deep elf blademasters (Elf:3)
  An Ice Fiend (Pan)
  7 titans
  Asterion (Vaults:3)
  4 quicksilver dragons
  7 hellephants
  A walking frostbound tome (Depths:3)
  3 walking earthen tomes (Depths:3)
  2 deep elf master archers (Elf:3)
  17 acid blobs
  Murray (Depths:1)
  6 sphinxes
  37 tentacled starspawn
  13 Executioners
  8 draconian monks
  7 ancient champions
  5 death cobs
  Kirke (Spider:4)
  Agnes (Spider:2)
  Gastronok (Lair:2)
  5 tengu reavers
  12 storm dragons
  15 shadow dragons
  Donald (Crypt:1)
  7 rockslimes
  4 draconian knights
  6 iron dragons
  2 azure jellies (shapeshifter)
  14 azure jellies
  4 emperor scorpions (Spider:4)
  6 ghost moths
  3 demonspawn warmongers (Pan)
  7 nagarajas (Snake:4)
  10 frost giants
  12 fire giants
  7 revenants
  7 cacodemons
  A shard shrike simulacrum (Abyss:3)
  5 draconian scorchers
  Louise (Snake:1)
  6 deep elf sorcerers
  3 orc warlords
  9 vault wardens
  18 balrugs
  8 deep elf elementalists
  14 ghouls
  An angel (Abyss:3)
  3 demonspawn corrupters
  4 curse skulls
  2 spriggan defenders (Depths:2)
  8 quicksilver oozes
  An ophan (Abyss:2)
  4 caustic shrike zombies
  20 ironbound preservers
  4 draconian annihilators
  5 draconian stormcallers
  6 broodmothers
  8 reapers
  6 draconian shifters
  5 demonspawn blood saints (Pan)
  43 very ugly things
  14 stone giants
  4 war gargoyles
  A caustic shrike skeleton (Abyss:2)
  8 vampire knights
  9 ironbound thunderhulks
  112 starcursed masses
  12 lorocyprocas
  2 demonspawn black suns (Pan)
  5 black draconians
  4 deep elf demonologists
  The ghost of Foxy the Fighter, a journeyman DjGl of Okawaru (Lair:2)
  12 purple draconians
  9 red draconians
  19 dire elephants
  10 green draconians
  7 yellow draconians
  11 deep elf annihilators
  5 white draconians
  2 entropy weavers
  12 blizzard demons
  11 ettins
  4 crystal guardians
  7 eidola
  10 deep elf death magi
  2 spark wasps
  A quicksilver dragon zombie (Abyss:3)
  3 mummy priests
  Snorg (D:13)
  Josephine (Spider:1)
  10 great orbs of eyes
  5 green deaths
  12 deep elf high priests
  7 fire dragons
  18 jiangshi
  14 boulder beetles
  17 hydras
  3 hell beasts (Pan)
  12 rakshasas
  31 naga warriors
  A peacekeeper (Vaults:4)
  5 salamander tyrants
  16 yaktaur captains
  5 ice dragons
  32 vault guards
  2 jorogumos (Spider:4)
  4 spriggan air magi
  3 ironbound frosthearts
  A catoblepas (Abyss:2)
  13 two-headed ogres
  4 ogre magi
  3 stokers
  20 anacondas
  4 death knights
  9 centaur warriors
  2 radroaches
  8 vampire magi
  54 hell hogs
  32 dancing weapons
  3 deep troll earth magi
  5 deep troll shamans
  A death yak (Lair:3)
  An alligator (shapeshifter) (Abyss:3)
  Urug (D:10)
  6 orc high priests
  5 tengu warriors
  2 spriggan berserkers
  5 shock serpents
  21 naga sharpshooters
  A titan zombie (Crypt:2)
  61 thrashing horrors
  2 titan skeletons
  A storm dragon zombie (Hell)
  9 hell knights
  3 pharaoh ants
  29 soul eaters
  Sonja (Orc:1)
  19 deep elf knights
  2 shadow wraiths (Abyss:2)
  22 sun demons
  A sun moth (Spider:4)
  39 skeletal warriors
  A fire crab (shapeshifter) (Elf:1)
  An iron troll (Depths:1)
  14 spatial maelstroms
  4 salamander mystics (Snake:4)
  23 wretched stars
  3 golden dragon zombies (Hell)
  A goliath frog (shapeshifter) (Vaults:5)
  A bunyip zombie (Abyss:2)
  5 steelbarb worms
  A storm dragon skeleton (Depths:1)
  17 sixfirhies
  A golden dragon skeleton (Depths:1)
  6 flayed ghosts
  8 shadow demons
  A lindwurm (shapeshifter) (Abyss:3)
  A spriggan simulacrum (Abyss:3)
  A tengu zombie (Hell)
  An orange crystal statue (Elf:1)
  7 glowing orange brains
  56 deep trolls
  11 wizards
  An anaconda skeleton (Crypt:2)
  16 orb spiders
  5 bog bodies
  9 lindwurms
  A shadow dragon zombie (Crypt:1)
  9 deep elf archers
  17 deep elf pyromancers
  131 large abominations
  A harpy (Vaults:1)
  24 wolf spiders
  7 naga ritualists
  15 phantasmal warriors
  12 ironbound convokers
  15 deep elf zephyrmancers
  An orc sorcerer (Orc:2)
  8 orc knights
  12 mana vipers
  22 salamanders
  A shadow dragon skeleton (Crypt:3)
  A broodmother zombie (Crypt:2)
  A stone giant zombie (Hell)
  17 necromancers
  3 oklob plants (D:10)
  53 ugly things
  2 fenstrider witch simulacra
  2 tengu skeletons
  12 worldbinders
  4 will-o-the-wisps
  22 moths of wrath
  A manticore (D:12)
  3 shining eyes
  3 cyclopes
  A moth of wrath (shapeshifter) (Abyss:2)
  2 stone giant skeletons
  A fire giant zombie (Hell)
  Maurice (D:9)
  3 guardian serpents (shapeshifter)
  14 rust devils
  40 black mambas
  2 naga zombies
  24 elephants
  5 torpor snails
  8 apocalypse crabs
  2 fire giant skeletons
  2 frost giant skeletons (Depths:1)
  21 naga magi
  3 gargoyles
  A grey draconian zombie (Crypt:2)
  24 vault sentinels
  13 guardian serpents
  47 smoke demons
  An alligator snapping turtle zombie (Hell)
  A cane toad (shapeshifter) (D:14)
  An eye of devastation (Slime:5)
  A naga skeleton (Hell)
  13 orange demons
  3 molten gargoyles (Lair:6)
  2 storm dragon simulacra (Depths:2)
  2 spriggan zombies
  2 centaur skeletons
  Psyche (D:10)
  11 cane toads
  21 demonic crawlers
  6 hellions
  4 rime drakes
  14 unseen horrors
  A catoblepas zombie (Crypt:3)
  A bunyip simulacrum (Abyss:2)
  4 kobold demonologists
  A sea snake zombie (Crypt:3)
  18 komodo dragons
  9 yaktaurs
  28 ancient zymes
  A tormentor (Geh:3)
  An anaconda simulacrum (Crypt:3)
  4 efreet
  8 guardian mummies (Crypt:3)
  15 freezing wraiths
  13 hellwings
  8 ice devils
  A sea snake skeleton (Crypt:3)
  A queen bee (Lair:2)
  2 red devils (Pan)
  A hydra zombie (Crypt:3)
  15 meliai
  4 tyrant leeches (Spider:4)
  4 trolls
  4 polar bears
  22 blink frogs
  3 harpy zombies
  A wind drake (Abyss:2)
  A moth of wrath zombie (Crypt:1)
  73 slime creatures
  A wind drake (shapeshifter) (Abyss:1)
  76 raiju
  An ettin zombie (Hell)
  A death drake skeleton (Crypt:3)
  22 tarantellas
  10 hornets
  6 harpy skeletons
  Prince Ribbit (Lair:2)
  A dream sheep (Lair:3)
  A hydra skeleton (Crypt:1)
  An iron dragon simulacrum (Crypt:3)
  A snapping turtle (shapeshifter) (Vaults:1)
  A stone giant simulacrum (Crypt:1)
  An ice dragon zombie (Crypt:1)
  33 jumping spiders
  2 jumping spiders (shapeshifter)
  A spriggan (shapeshifter) (Abyss:3)
  6 shadows
  4 air elementals
  A culicivora (shapeshifter) (Abyss:3)
  3 spriggans
  6 spriggan skeletons
  23 wraiths
  2 ettin skeletons
  22 culicivoras
  17 flying skulls (Abyss:2)
  6 vampires
  5 water elementals
  A centaur simulacrum (Abyss:3)
  53 ynoxinuls
  A hog (shapeshifter) (D:13)
  16 fire bats
  45 yaks
  4 wyverns
  4 hogs (Spider:4)
  A black mamba zombie (Crypt:1)
  A dire elephant simulacrum (Crypt:3)
  4 basilisks
  2 fire elementals (Elf:1)
  10 golden eyes
  4 steam dragons
  37 chaos spawn
  24 neqoxecs
  48 redbacks
  54 spatial vortices
  9 vampire mosquitoes
  59 nagas
  A demonspawn zombie (Crypt:2)
  A harpy simulacrum (Hell)
  An acid dragon (D:14)
  A merfolk skeleton (Crypt:2)
  3 wargs
  25 water moccasins
  2 floating eyes (shapeshifter)
  18 hell hounds
  A faun skeleton (Crypt:2)
  16 orc warriors
  A swamp drake (Abyss:2)
  A floating eye (D:10)
  An ice beast (Abyss:3)
  3 sky beasts
  2 black bears
  A meliai simulacrum (D:15)
  An ice dragon simulacrum (Hell)
  A merfolk simulacrum (Crypt:3)
  7 necrophages
  An ogre (shapeshifter) (Abyss:2)
  2 boggarts (Depths:4)
  23 wolves
  8 ogres
  8 centaurs
  A phantom (D:5)
  5 kobold brigands
  A wyvern zombie (D:8)
  7 earth elementals
  16 bullfrogs
  81 small abominations
  A scorpion (D:5)
  A water moccasin zombie (D:5)
  17 killer bees
  5 electric eels
  19 wights
  A yak skeleton (Crypt:3)
  4 howler monkeys
  2 crimson imps
  9 quasits
  A bullfrog zombie (D:5)
  5 lava snakes (Lair:6)
  2 gnoll shamans
  30 orc priests
  5 centaur zombies
  7 jellies
  16 iron imps
  3 iguanas
  37 orc wizards
  2 scorpion zombies (D:5)
  6 hell rats (Hell)
  An acid dragon skeleton (Crypt:2)
  A dwarf skeleton (Crypt:2)
  A hound zombie (D:5)
  A mummy (Crypt:3)
  2 howler monkey zombies
  8 gnolls
  8 adders
  A steam dragon zombie (Crypt:1)
  A swamp drake zombie (Crypt:2)
  2 shadow imps (Abyss:2)
  18 white imps
  14 ufetubi
  An adder skeleton (D:4)
  A worm (D:2)
  2 dart slugs (D:1)
  83 orcs
  6 spectral bats (Abyss:2)
  7 ball pythons
  11 bats
  2 bat simulacra (Abyss:2)
  2 endoplasms (shapeshifter) (Abyss:2)
  3 endoplasms
  A giant cockroach (D:3)
  6 goblins
  A goblin (shapeshifter) (Abyss:2)
  3 hobgoblins (D:1)
  2 hobgoblins (shapeshifter) (Abyss:2)
  3 jackals (D:2)
  A jackal (shapeshifter) (Abyss:2)
  4 kobolds (shapeshifter) (Abyss:2)
  31 kobolds
  3 quokkas (shapeshifter) (Abyss:2)
  3 quokkas
  A bat (shapeshifter) (Abyss:2)
  2 frilled lizards (D:1)
  A frilled lizard skeleton (Crypt:2)
  A goblin zombie (D:7)
  A hobgoblin skeleton (Crypt:3)
  A jackal zombie (D:7)
  An orc zombie (Crypt:1)
  A quokka skeleton (Crypt:1)
  2 rats (shapeshifter) (Abyss:2)
  5 rats
  2 bushes
  4 creeping infernos (Geh:1)
  37 fire vortices
  9 lurking horrors
  A plant (Lair:6)
  22 starspawn tentacles
3904 creatures vanquished.

Vanquished Creatures (collateral kills)
  A pandemonium lord (Pan)
  2 bone dragons
  A Brimstone Fiend (Pan)
  A lich (Crypt:3)
  A searing wretch (Depths:1)
  A tentacled starspawn (Abyss:3)
  A sphinx (Vaults:4)
  An Executioner (Pan)
  An ancient champion (Crypt:3)
  A storm dragon (Zot:2)
  A death cob (Zot:2)
  A shadow dragon (Zot:2)
  A vault warden (Vaults:4)
  A draconian knight (Abyss:3)
  A very ugly thing (Abyss:1)
  A cacodemon (Pan)
  A balrug (Pan)
  2 draconian stormcallers
  A demonspawn blood saint (Pan)
  A yellow draconian (Zot:2)
  A vampire knight (Crypt:3)
  2 black draconians (Zot:2)
  A deep elf demonologist (Vaults:4)
  A red draconian (Zot:2)
  2 demonspawn black suns (Pan)
  5 dire elephants
  A purple draconian (Zot:4)
  2 white draconians (Zot:2)
  4 jiangshi (Crypt:3)
  3 thrashing horrors (Abyss:3)
  3 sun demons (Pan)
  A soul eater (Depths:1)
  2 wretched stars
  An iron troll (Depths:1)
  A sixfirhy (Abyss:3)
  A titan skeleton (Depths:2)
  A glowing orange brain (shapeshifter) (Abyss:3)
  A shadow demon (Pan)
  2 apocalypse crabs
  3 elephants (Abyss:3)
  3 moths of wrath
  A guardian serpent (shapeshifter) (Abyss:3)
  An unseen horror (Abyss:3)
  An orange demon (Pan)
  A yaktaur (Vaults:1)
  An ancient zyme (Abyss:2)
  A kobold demonologist (Abyss:2)
  A hellwing (Pan)
  2 raiju (Abyss:2)
  2 ynoxinuls (Pan)
  2 vampires
  3 small abominations
  7 large abominations
  3 spatial vortices (Abyss:3)
  A hell hound (Abyss:2)
  A quasit (Abyss:2)
  2 ufetubi
93 creatures vanquished.

Vanquished Creatures (others)
  A storm dragon (Zot:4)
  A deep elf elementalist (Elf:3)
  A stoker (Geh:2)
  2 hell hogs (Geh:2)
  2 lindwurms (Vaults:1)
  A deep elf zephyrmancer (Elf:2)
  A black mamba (Snake:1)
  A smoke demon (Pan)
  A tormentor (Geh:5)
  A tarantella (Spider:3)
  2 water elementals
  A golden eye (Abyss:3)
  A chaos spawn (Pan)
  A white imp (Abyss:2)
  14 bushes
  2 creeping infernos
  6 foxfires
  32 fungi
  4 lurking horrors
  61 plants
  51 starspawn tentacles
187 creatures vanquished.

Grand Total: 4184 creatures vanquished

Notes
Turn   | Place    | Note
-------+----------+-------------------------------------------
     0 | D:1      | Zonian the Djinni Ice Elementalist began the quest for the
                  | Orb.
     0 | D:1      | Reached XP level 1. HP: 15/15 MP: 0/0
   173 | D:1      | Reached XP level 2. HP: 19/21 MP: 0/0
  1223 | D:1      | Reached XP level 3. HP: 24/25 MP: 0/0
  1223 | D:1      | Learned a level 1 spell: Beastly Appendage
  2346 | D:2      | Reached XP level 4. HP: 30/31 MP: 0/0
  2613 | D:2      | Found a shimmering altar of Xom.
  4285 | D:3      | Reached XP level 5. HP: 29/35 MP: 0/0
  4285 | D:3      | Learned a level 2 spell: Corpse Rot
  4541 | D:3      | Found a broken altar of Ashenzari.
  4543 | D:3      | Found a snail-covered altar of Cheibriados.
  4549 | D:3      | Became a worshipper of Ashenzari the Shackled
  5180 | D:3      | Found a faded altar of an unknown god.
  5799 | D:4      | Reached skill level 4 in Spellcasting
  5839 | D:4      | Reached XP level 6. HP: 17/40 MP: 0/0
  6364 | D:4      | Found a staircase to the Ecumenical Temple.
  6448 | D:4      | Noticed a black bear
  6512 | D:4      | Killed a black bear
  6896 | D:4      | Noticed an ogre
  6936 | D:4      | Killed an ogre
  6937 | D:4      | Reached XP level 7. HP: 42/45 MP: 0/0
  6937 | D:4      | Learned a level 3 spell: Swiftness
  7466 | D:5      | Entered Level 5 of the Dungeon
  7534 | D:5      | Reached skill level 5 in Dodging
  8917 | D:5      | Noticed Duvessa
  9129 | D:5      | Noticed Dowan
  9137 | D:5      | Reached * piety under Ashenzari
  9299 | D:5      | Reached skill level 5 in Spellcasting
  9299 | D:5      | Reached XP level 8. HP: 25/50 MP: 0/0
 10807 | D:6      | Found Qeheetus's Weapon Shop.
 10811 | D:6      | Bought a throwing net for 39 gold pieces
 11102 | D:6      | Reached skill level 1 in Fighting
 11102 | D:6      | Reached skill level 5 in Stealth
 11200 | D:6      | Reached ** piety under Ashenzari
 11216 | D:6      | Found a runed translucent door.
 11217 | D:6      | Noticed Crazy Yiuf
 11509 | D:6      | Reached skill level 1 in Polearms
 11509 | D:6      | Reached skill level 1 in Throwing
 12460 | D:7      | Found an ornate altar of the Wu Jian Council.
 12521 | D:7      | Reached XP level 9. HP: 19/59 MP: 0/0
 12521 | D:7      | Learned a level 4 spell: Cause Fear
 13875 | D:7      | Found a runed translucent door.
 13880 | D:7      | Found a basalt altar of Yredelemnul.
 14418 | D:9      | Reached *** piety under Ashenzari
 15770 | D:8      | Reached XP level 10. HP: 70/70 MP: 0/0
 15896 | D:8      | Reached skill level 6 in Spellcasting
 15900 | D:8      | HP: 3/70 [wraith (12)]
 16266 | D:8      | Found the +5 scythe "Finisher" {speed, eviscerate}
 16697 | D:8      | Noticed a skeletal warrior
 17873 | D:9      | Noticed Maurice
 17896 | D:9      | Killed Maurice
 19115 | D:9      | Found a staircase to the Lair.
 19135 | Lair:1   | Entered Level 1 of the Lair of Beasts
 19237 | Lair:1   | Noticed a four-headed hydra
 19452 | Lair:1   | Reached XP level 11. HP: 46/74 MP: 0/0
 19452 | Lair:1   | Learned a level 5 spell: Agony
 19456 | Lair:1   | Reached skill level 5 in Fighting
 19991 | Lair:1   | Reached skill level 5 in Polearms
 20047 | Lair:1   | Killed a four-headed hydra
 21557 | Lair:2   | Found a staircase to the Snake Pit.
 21559 | Lair:2   | Noticed Gastronok
 21732 | Lair:2   | Reached skill level 7 in Spellcasting
 22009 | Lair:2   | Noticed Foxy's ghost (journeyman DjGl)
 22260 | Lair:2   | Noticed a five-headed hydra
 22270 | Lair:2   | Killed a five-headed hydra
 22271 | Lair:2   | Reached skill level 5 in Throwing
 22732 | Lair:2   | Reached XP level 12. HP: 54/83 MP: 0/0
 23299 | Lair:2   | Noticed Prince Ribbit
 23318 | Lair:2   | Killed Prince Ribbit
 23333 | Lair:2   | Noticed a seven-headed hydra
 23835 | Lair:2   | Found a transporter.
 24642 | Lair:2   | Identified the +0 shortbow of Mayhem {vorpal, rCorr}
 24645 | Lair:2   | Found a transporter.
 25802 | Lair:3   | Found a hole to the Spider Nest.
 26746 | Lair:3   | Noticed a death yak
 26754 | Lair:3   | Killed a death yak
 26832 | Lair:3   | Reached XP level 13. HP: 91/94 MP: 0/0
 26832 | Lair:3   | Learned a level 5 spell: Borgnjor's Vile Clutch
 27773 | Lair:3   | Reached skill level 8 in Spellcasting
 28183 | Lair:3   | Reached **** piety under Ashenzari
 28183 | Lair:3   | Reached ***** piety under Ashenzari
 28189 | Lair:3   | Noticed a six-headed hydra
 28212 | Lair:3   | Noticed a seven-headed hydra
 28221 | Lair:3   | Killed a seven-headed hydra
 28276 | Lair:3   | Identified the ring of Iloenes {Fire Will+ Int+4}
 29993 | Lair:4   | Noticed an eight-headed hydra
 30007 | Lair:4   | Killed an eight-headed hydra
 30642 | Lair:4   | Noticed a seven-headed hydra
 30653 | Lair:4   | Killed a seven-headed hydra
 31218 | Lair:5   | Noticed a dire elephant
 31248 | Lair:5   | Killed a dire elephant
 31856 | Lair:5   | Reached XP level 14. HP: 88/110 MP: 0/0
 31862 | Lair:5   | Reached skill level 10 in Polearms
 32873 | Lair:5   | Reached skill level 10 in Stealth
 33142 | Lair:5   | Reached skill level 9 in Spellcasting
 33156 | Lair:5   | Reached skill level 1 in Evocations
 33662 | Lair:5   | Upgraded the game from 0.28-a0-1339-ga5422284a4 to
                  | 0.28-a0-1347-g113dc556a4
 33689 | Lair:6   | Entered Level 6 of the Lair of Beasts
 34308 | Lair:6   | Found a runed translucent door.
 34308 | Lair:6   | Found a viscous altar of Jiyva.
 34308 | Lair:6   | Found a staircase to the Slime Pits.
 34788 | Lair:6   | Reached skill level 10 in Dodging
 35200 | Lair:6   | Found a large runed translucent door.
 36547 | Lair:6   | Found a large runed translucent door.
 37588 | Lair:2   | Killed Foxy's ghost
 37754 | Lair:2   | Killed Gastronok
 38070 | Lair:2   | Reached XP level 15. HP: 103/117 MP: 0/0
 38070 | Lair:2   | Learned a level 6 spell: Starburst
 38587 | D:9      | Reached ****** piety under Ashenzari
 38854 | D:9      | Found a staircase to the Orcish Mines.
 39074 | D:10     | Entered Level 10 of the Dungeon
 39273 | D:10     | Noticed Psyche
 39300 | D:10     | Killed Psyche
 39448 | D:10     | Noticed Urug
 40180 | D:10     | Paralysed by a floating eye for 2 turns
 40181 | D:10     | Reached skill level 10 in Fighting
 41155 | D:10     | Killed Urug
 44904 | D:13     | Noticed Snorg
 44910 | D:13     | Killed Snorg
 45675 | D:13     | Found a gate to the Vaults.
 46491 | D:14     | Identified Sif Muna's Almanac of the Rocks
 46507 | D:14     | Paralysed by a floating eye for 4 turns
 47094 | D:14     | Reached skill level 5 in Evocations
 47672 | D:14     | Noticed a frost giant
 48457 | D:14     | Identified the +4 pair of boots "Julyl" {Will+}
 48473 | D:14     | Reached XP level 16. HP: 88/130 MP: 0/0
 48783 | D:15     | Entered Level 15 of the Dungeon
 48801 | D:15     | Found a portal to a secret trove of treasure.
 49838 | D:15     | Reached skill level 10 in Spellcasting
 50995 | D:15     | Found a staircase to the Depths.
 50995 | D:15     | Noticed a frost giant
 51525 | Orc:1    | Entered Level 1 of the Orcish Mines
 51558 | Orc:1    | Noticed Sonja
 51584 | Orc:1    | Killed Sonja
 52069 | Orc:2    | Entered Level 2 of the Orcish Mines
 52866 | Orc:2    | Found a staircase to the Elven Halls.
 54032 | Orc:2    | Found Moqih's Distillery.
 54032 | Orc:2    | Found Jinu's Distillery.
 54032 | Orc:2    | Found Asetoec's Armour Emporium.
 54034 | Orc:2    | Found Deytaez's Jewellery Shoppe.
 54040 | Orc:2    | Bought a potion of curing for 39 gold pieces
 54040 | Orc:2    | Bought a potion of cancellation for 104 gold pieces
 54040 | Orc:2    | Bought a potion of curing for 39 gold pieces
 54040 | Orc:2    | Bought a potion of berserk rage for 65 gold pieces
 54042 | Orc:2    | Bought 2 potions of berserk rage for 140 gold pieces
 54042 | Orc:2    | Bought a potion of curing for 42 gold pieces
 54042 | Orc:2    | Bought a potion of curing for 42 gold pieces
 54044 | Orc:2    | Bought 2 potions of might for 104 gold pieces
 55356 | Spider:1 | Entered Level 1 of the Spider Nest
 55356 | Spider:1 | Noticed Josephine
 55358 | Spider:1 | Killed Josephine
 56007 | Spider:1 | Noticed a ghost moth
 56036 | Spider:1 | Killed a ghost moth
 56047 | Spider:1 | Reached XP level 17. HP: 25/137 MP: 0/0
 56047 | Spider:1 | Learned a level 6 spell: Statue Form
 56800 | Spider:1 | Noticed Mlioglotl
 56830 | Spider:1 | Identified the +1 pair of gloves of Alofo {rElec rF- rN+
                  | Dex+2}
 57216 | Spider:1 | Killed Mlioglotl
 57473 | Spider:1 | Identified the ring "Puohyil" {Str+2 Dex+4 SInv}
 57862 | Spider:2 | Identified the cursed +1 pair of gloves of Ouranomancy
                  | {Evo, Melee} (You found it on level 9 of the Dungeon)
 57862 | Spider:2 | Identified the cursed +2 robe of the Unyielding Gaze
                  | {Will+, Fort, Self} (You found it on level 13 of the
                  | Dungeon)
 57864 | Spider:2 | Noticed Agnes
 57881 | Spider:2 | Killed Agnes
 62409 | Spider:2 | Upgraded the game from 0.28-a0-1347-g113dc556a4 to
                  | 0.28-a0-1356-g2ad6d04315
 65403 | Spider:3 | Reached XP level 18. HP: 125/146 MP: 0/0
 65861 | Spider:4 | Entered Level 4 of the Spider Nest
 65861 | Spider:4 | Noticed Arachne
 66297 | Spider:4 | Noticed Kirke
 66364 | Spider:4 | Killed Kirke
 67035 | Spider:3 | HP: 5/146 [radroach (17)]
 67999 | Spider:3 | Killed Arachne
 70529 | Spider:4 | Reached skill level 11 in Spellcasting
 70535 | Spider:4 | Identified the +1 robe of the Morning Star {Str+7}
 70726 | Spider:4 | Identified the +3 cloak "Gowah" {*Corrode rElec rF+ Str+3}
 75188 | Spider:4 | Got a gossamer rune of Zot
 75841 | Spider:4 | Identified 3 scrolls of acquirement
 75854 | Spider:4 | Acquired a manual of Dodging
 75856 | Spider:4 | Acquired the ring of Reaffefri {rC+ Str+5 Int+2}
 75858 | Spider:4 | Acquired a manual of Stealth
 76329 | Snake:1  | Entered Level 1 of the Snake Pit
 76329 | Snake:1  | Identified the +9 chain mail of Azimn {Dex+4 SInv}
 76917 | Snake:1  | Noticed Nikola
 76920 | Snake:1  | Noticed Roxanne
 76927 | Snake:1  | Noticed Louise
 76929 | Snake:1  | Killed Nikola
 76930 | Snake:1  | Reached XP level 19. HP: 76/148 MP: 0/0
 76930 | Snake:1  | Learned a level 6 spell: Death Channel
 77511 | Snake:1  | Killed Louise
 78894 | Snake:2  | Found Fuasuerph's Assorted Antiques.
 78906 | Snake:2  | Found Zekheu's Antique Armour Shoppe.
 78910 | Snake:2  | Bought a glowing orb for 480 gold pieces
 78910 | Snake:2  | Bought an ancient pewter amulet for 200 gold pieces
 78910 | Snake:2  | Identified the amulet "Riezefeno" {Reflect rElec rF+ SH+5}
                  | (You bought it in a shop on level 2 of the Snake Pit)
 78914 | Snake:2  | Bought a runed leather armour for 150 gold pieces
 78942 | Snake:2  | Noticed Vashnia
 79003 | Snake:2  | Identified the cursed +0 hat of Curses and Power {Int+3,
                  | Cun, Fort} (You took it off Gastronok on level 2 of the
                  | Lair of Beasts)
 79331 | Snake:2  | Killed Vashnia
 79573 | Snake:2  | Found Yrair's Weapon Emporium.
 79581 | Snake:2  | Reached skill level 15 in Polearms
 84947 | Lair:6   | Reached skill level 15 in Dodging
 85749 | Snake:4  | Entered Level 4 of the Snake Pit
 85799 | Snake:3  | Reached XP level 20. HP: 43/166 MP: 0/0
 87423 | Snake:4  | Found a white marble altar of Elyvilon.
 87455 | Snake:4  | Found Jusus's Jewellery Boutique.
 87692 | Snake:4  | Found Kenonefe's Book Shoppe.
 87693 | Snake:4  | Found Rel Wacy's Book Shoppe.
 88624 | Snake:4  | Reached skill level 12 in Spellcasting
 90415 | Snake:4  | Got a serpentine rune of Zot
 91972 | Elf:1    | Entered Level 1 of the Elven Halls
 92859 | Elf:1    | Found Toirr's General Store.
 92890 | Elf:1    | Bought a potion of might for 56 gold pieces
 93227 | Elf:1    | Reached XP level 21. HP: 172/172 MP: 0/0
 93227 | Elf:1    | Learned a level 8 spell: Maxwell's Capacitive Coupling
 93448 | Elf:1    | Reached skill level 15 in Stealth
 93874 | Elf:2    | Found a runed translucent door.
 93888 | Elf:2    | Noticed Noecs's ghost (adept DjWr)
 93898 | Elf:2    | Identified the +1 scale mail of Depression {rC+ Stlth+}
 94363 | Elf:2    | Found a runed translucent gate.
 94363 | Elf:2    | Found a runed translucent gate.
 94363 | Elf:2    | Found a runed translucent gate.
 94377 | Elf:2    | Upgraded the game from 0.28-a0-1356-g2ad6d04315 to
                  | 0.28-a0-1374-ga75cb3825e
 94435 | Elf:3    | Entered Level 3 of the Elven Halls
 97442 | Elf:3    | Identified the ring "Riekyhaa" {Fly Dex+3}
 98180 | Elf:3    | Identified the +5 hand axe of Kojocs {vorpal, rC+ rN+ Will-
                  | Dex+8}
 98187 | Elf:3    | Identified the +10 battleaxe "Wealir" {venom, Str+3}
 98187 | Elf:3    | Identified the ring of Neodiug {Wiz rN+ Str-5 Int+10 Dex-5}
 98194 | Elf:3    | Identified the +3 mace of Zonian's Sudden Death {vorpal,
                  | rN+}
 98485 | Elf:3    | Identified the +7 great sword "Kateilo" {protect, rCorr
                  | Str+7 Int+3 SInv}
 98897 | Elf:3    | Identified Sif Muna's Incunabulum of Execration and
                  | Sinister Secrets
 98914 | Elf:3    | Identified the Almanac of Burning Battle Magic
 99230 | Elf:3    | Noticed a Tzitzimitl
100155 | Snake:2  | Bought a potion of curing for 120 gold pieces
100155 | Snake:2  | Bought a potion of curing for 120 gold pieces
100467 | Vaults:1 | Entered Level 1 of the Vaults
101238 | Vaults:1 | Found a runed translucent door.
101240 | Vaults:1 | Noticed Switch's ghost (veteran DDFi)
101240 | Vaults:1 | Identified the Papyrus of Gliding Evil
101782 | Vaults:1 | Reached XP level 22. HP: 138/178 MP: 0/0
102753 | Vaults:1 | Found Uduezez's Armour Shop.
103083 | Vaults:1 | Reached skill level 15 in Fighting
103869 | Vaults:1 | Identified the Collected Works on Lightness
103981 | Vaults:1 | Reached skill level 13 in Spellcasting
104470 | Vaults:1 | Acquired a manual of Evocations
104482 | Vaults:1 | Killed Switch's ghost
104545 | Vaults:1 | Identified the cursed +2 pair of gloves of the Ruined
                  | Portent {Str+3, Range, Melee} (You found it on level 3 of
                  | the Elven Halls)
105252 | Vaults:2 | Reached skill level 10 in Evocations
108519 | Vaults:3 | Reached XP level 23. HP: 185/189 MP: 0/0
108519 | Vaults:3 | Learned a level 8 spell: Infestation
108978 | Vaults:3 | Noticed Asterion
108983 | Vaults:3 | Killed Asterion
110044 | Vaults:3 | Found a transporter.
110109 | Vaults:3 | Found a transporter.
110162 | Vaults:3 | Found a staircase to the Crypt.
110162 | Vaults:3 | Found a basalt altar of Yredelemnul.
110610 | Vaults:4 | Identified the +1 plate armour of Zujejed {Harm rN+}
110612 | Vaults:4 | Identified the +0 ring mail "Coimass" {Dex+3}
111558 | Vaults:4 | Identified the ring "Munuerchu" {Fly Dex+3}
111940 | Vaults:4 | Noticed a dread lich
111950 | Vaults:4 | Identified the +2 spear of the Doomed Warrior {drain, *Rage
                  | Int+6 Dex-2 SInv}
112388 | Vaults:4 | Killed a dread lich
113719 | Vaults:4 | Reached XP level 24. HP: 186/198 MP: 0/0
114532 | Elf:1    | Bought a scroll of immolation for 49 gold pieces
117481 | Vaults:5 | Entered Level 5 of the Vaults
117493 | Vaults:5 | Reached skill level 14 in Spellcasting
119508 | Vaults:5 | Noticed a dread lich
119775 | Vaults:5 | Noticed an ancient lich
119783 | Vaults:5 | Killed an ancient lich
119992 | Vaults:5 | Killed a dread lich
120006 | Vaults:5 | Noticed a dread lich
120025 | Vaults:5 | Killed a dread lich
120064 | Vaults:5 | Got a silver rune of Zot
120498 | Vaults:5 | Reached skill level 15 in Evocations
120508 | Vaults:5 | Noticed a golden dragon
120510 | Vaults:5 | Noticed a golden dragon
120514 | Vaults:5 | Identified the +6 war axe of Annoyance {vorpal, rElec rPois
                  | Str+2 Int-2}
120535 | Vaults:5 | Identified the +0 helmet "Zethruip" {rF+ rC+ rN+ Regen+}
121066 | Vaults:5 | Reached XP level 25. HP: 191/204 MP: 0/0
121066 | Vaults:5 | Learned a level 8 spell: Ignition
122723 | Depths:1 | Entered Level 1 of the Depths
122751 | Depths:1 | Found a one-way gate to the infinite horrors of the Abyss.
122875 | Depths:1 | Found a glowing golden altar of the Shining One.
122976 | Depths:1 | Found a bloodstained altar of Trog.
123462 | Depths:1 | Found a gateway to Hell.
124288 | Depths:2 | Found a snail-covered altar of Cheibriados.
124436 | Depths:2 | Found a one-way gateway to a ziggurat.
125337 | Depths:2 | Found a one-way gate leading to the halls of Pandemonium.
125461 | Depths:2 | Reached skill level 15 in Spellcasting
126110 | Depths:2 | Found a hazy altar of Hepliaklqana.
126536 | Depths:2 | Upgraded the game from 0.28-a0-1374-ga75cb3825e to
                  | 0.28-a0-1382-g92835e5c71
126928 | Snake:2  | Bought an embroidered robe for 111 gold pieces
127443 | Depths:3 | Noticed a juggernaut
127738 | Depths:3 | Noticed Jory
127745 | Depths:3 | Killed Jory
127933 | Depths:3 | Killed a juggernaut
127934 | Depths:3 | Reached skill level 1 in Armour
127934 | Depths:3 | Reached XP level 26. HP: 220/220 MP: 0/0
128558 | Depths:3 | Identified Yterev's Volume of Conjuration
129354 | Depths:4 | Entered Level 4 of the Depths
129853 | Depths:4 | Found a corrupted altar of Lugonu.
130574 | Depths:4 | Found a gate to the Realm of Zot.
130646 | Depths:4 | Reached skill level 5 in Armour
130647 | Depths:4 | Identified the Collected Works on Creation
131131 | Depths:4 | Found a shadowy altar of Dithmenos.
131817 | Crypt:1  | Entered Level 1 of the Crypt
132522 | Crypt:1  | Noticed Donald
132530 | Crypt:1  | Reached XP level 27. HP: 171/228 MP: 0/0
132530 | Crypt:1  | Learned a level 9 spell: Dragon's Call
132538 | Crypt:1  | Killed Donald
132602 | Crypt:1  | Reached skill level 16 in Spellcasting
135862 | Crypt:3  | Entered Level 3 of the Crypt
137421 | Crypt:3  | Found a basalt altar of Yredelemnul.
137428 | Crypt:3  | Identified the +7 falchion "Laulokk" {holy, rElec Dex+7}
137449 | Crypt:3  | Identified the +1 ring mail "Atylel" {rF+++ MP+9 Str+3
                  | Dex-5}
137450 | Crypt:3  | Identified the +7 hand crossbow of Internal Strife {speed,
                  | rElec rPois rF+ Will+ rCorr}
137451 | Crypt:3  | Identified the ring "Ysoeh" {Fire rN+ rCorr Dex+2}
137613 | Crypt:3  | Found a staircase to the Tomb.
138378 | Crypt:3  | Upgraded the game from 0.28-a0-1382-g92835e5c71 to
                  | 0.28-a0-1387-g3a22ab9bdc
138730 | Hell     | Entered the Vestibule of Hell
138730 | Hell     | Noticed Geryon
138744 | Hell     | Killed Geryon
139226 | Hell     | Noticed Murray
139614 | Depths:1 | Killed Murray
141067 | Hell     | Reached skill level 10 in Armour
141217 | Hell     | Found a gateway to the ashen valley of Gehenna.
141276 | Hell     | Found a gateway to the decaying netherworld of Tartarus.
141315 | Hell     | Found a gateway to the freezing wastes of Cocytus.
141353 | Hell     | Found a gateway to the Iron City of Dis.
141813 | Slime:1  | Entered Level 1 of the Pits of Slime
142217 | Slime:3  | Gained mutation: You are occasionally teleported next to
                  | monsters. [a shining eye]
142559 | Slime:5  | Entered Level 5 of the Pits of Slime
142938 | Slime:5  | Reached skill level 17 in Spellcasting
143294 | Slime:5  | Gained mutation: You are agile. (Dex +2) [a shining eye]
143295 | Slime:5  | Gained mutation: You are dopey. (Int -2) [a shining eye]
143298 | Slime:5  | Identified the +5 battleaxe of Fisit {drain, *Slow rCorr
                  | Str+2 Int+4}
143450 | Slime:5  | Identified the Almanac of the Twisted Glacier
143450 | Slime:5  | Identified the +3 shortbow "Demonslayer" {freeze, Contam
                  | Drain rN+++ MP+9 Int+5}
143613 | Slime:5  | Found a viscous altar of Jiyva.
143708 | Slime:5  | Noticed the Royal Jelly
143902 | Slime:5  | Killed the Royal Jelly
144020 | Slime:5  | Got a slimy rune of Zot
144562 | Zot:1    | Entered Level 1 of the Realm of Zot
148719 | Zot:4    | Noticed a Killer Klown
148732 | Zot:4    | Killed a Killer Klown
149639 | Depths:1 | Voluntarily entered the Abyss.
149639 | Abyss:1  | Found a corrupted altar of Lugonu.
149669 | Abyss:1  | Reached skill level 18 in Spellcasting
149755 | Abyss:1  | Found a corrupted altar of Lugonu.
149802 | Abyss:1  | Identified the +0 scale mail of Courage {Fly Stlth+}
151072 | Abyss:2  | Found a transporter.
151078 | Abyss:2  | Found a transporter.
151104 | Abyss:2  | Identified the amulet "Jyrchu Nyudo" {RegenMP Contam rC+++
                  | rN+++ Str-5}
151140 | Abyss:2  | Identified the amulet of Qiahop {Spirit rF+ Str+4 Int+2}
151164 | Abyss:2  | Found a corrupted altar of Lugonu.
151269 | Abyss:2  | Found a corrupted altar of Lugonu.
151287 | Abyss:2  | Found a corrupted altar of Lugonu.
152062 | Abyss:2  | Found a blossoming altar of Fedhas.
153098 | Abyss:2  | Reached skill level 15 in Armour
153144 | Abyss:2  | Reached skill level 19 in Spellcasting
153339 | Abyss:2  | Found an opulent altar of Gozag.
153576 | Abyss:2  | Found an opulent altar of Gozag.
153603 | Abyss:2  | Found an opulent altar of Gozag.
155221 | Abyss:2  | Found a runed translucent door.
155543 | Abyss:2  | Found a corrupted altar of Lugonu.
155572 | Abyss:2  | Found a corrupted altar of Lugonu.
155675 | Abyss:2  | Reached skill level 20 in Spellcasting
156337 | Abyss:2  | Noticed an ancient lich
156358 | Abyss:2  | Killed an ancient lich
156547 | Abyss:2  | Found a corrupted altar of Lugonu.
156995 | Abyss:2  | Found a shadowy altar of Dithmenos.
157066 | Abyss:3  | Found a hide-covered altar of Uskayaw.
157085 | Abyss:3  | Found a hide-covered altar of Uskayaw.
157255 | Abyss:3  | Found a corrupted altar of Lugonu.
157320 | Abyss:3  | Identified the cursed +5 ring mail of Ashenzari's Vexation
                  | {Will+, Melee, Range} (You found it on level 4 of the Realm
                  | of Zot)
157350 | Depths:1 | Escaped the Abyss
157633 | Depths:1 | Upgraded the game from 0.28-a0-1387-g3a22ab9bdc to
                  | 0.28-a0-1404-g4df0f3684d
157636 | Depths:1 | Voluntarily entered the Abyss.
157772 | Abyss:2  | Identified the +1 chain mail of Dishonour {rF+ Regen+
                  | Int+2}
158043 | Abyss:2  | Upgraded the game from 0.28-a0-1404-g4df0f3684d to
                  | 0.28-a0-1412-gf95308ed99
158830 | Abyss:2  | Reached skill level 21 in Spellcasting
158934 | Abyss:3  | Found a corrupted altar of Lugonu.
159090 | Abyss:3  | Gained mutation: You are very dopey. (Int -4) [a neqoxec]
159383 | Abyss:3  | Paralysed by an air elemental for 1 turns
159546 | Abyss:3  | Found a hide-covered altar of Uskayaw.
159546 | Abyss:3  | Found an iron altar of Okawaru.
159548 | Abyss:3  | Found a shimmering altar of Xom.
159548 | Abyss:3  | Found an ornate altar of the Wu Jian Council.
159548 | Abyss:3  | Found an opulent altar of Gozag.
159548 | Abyss:3  | Found a blossoming altar of Fedhas.
159548 | Abyss:3  | Found a snail-covered altar of Cheibriados.
159548 | Abyss:3  | Found a broken altar of Ashenzari.
159550 | Abyss:3  | Found a glowing silver altar of Zin.
159552 | Abyss:3  | Found a glowing golden altar of the Shining One.
159552 | Abyss:3  | Found a shadowy altar of Dithmenos.
159554 | Abyss:3  | Found a basalt altar of Yredelemnul.
159554 | Abyss:3  | Found a white marble altar of Elyvilon.
159554 | Abyss:3  | Found a bloodstained altar of Trog.
159554 | Abyss:3  | Found a stormy altar of Qazlal.
159556 | Abyss:3  | Found a sparkling altar of Nemelex Xobeh.
159556 | Abyss:3  | Found a stormy altar of Qazlal.
159556 | Abyss:3  | Found a hazy altar of Hepliaklqana.
159574 | Abyss:3  | Found a sparkling altar of Nemelex Xobeh.
159574 | Abyss:3  | Found a hazy altar of Hepliaklqana.
159620 | Abyss:3  | Found a hide-covered altar of Uskayaw.
159621 | Abyss:3  | Found a shimmering altar of Xom.
159621 | Abyss:3  | Found a snail-covered altar of Cheibriados.
159623 | Abyss:3  | Found a glowing silver altar of Zin.
159625 | Abyss:3  | Found a shadowy altar of Dithmenos.
159627 | Abyss:3  | Found a basalt altar of Yredelemnul.
159627 | Abyss:3  | Found a white marble altar of Elyvilon.
159629 | Abyss:3  | Found a sparkling altar of Nemelex Xobeh.
159629 | Abyss:3  | Found a stormy altar of Qazlal.
159681 | Abyss:3  | Identified the cursed +2 cloak of Curses and Power {rCorr,
                  | Self, Evo} (You found it on level 2 of the Lair of Beasts)
159697 | Abyss:3  | Found a glowing silver altar of Zin.
159699 | Abyss:3  | Found a shadowy altar of Dithmenos.
159701 | Abyss:3  | Found a bloodstained altar of Trog.
159701 | Abyss:3  | Found a basalt altar of Yredelemnul.
159706 | Abyss:3  | Found a stormy altar of Qazlal.
159713 | Abyss:3  | Found a sparkling altar of Nemelex Xobeh.
159733 | Abyss:3  | Found a hazy altar of Hepliaklqana.
159736 | Abyss:3  | Found a stormy altar of Qazlal.
159736 | Abyss:3  | Found a white marble altar of Elyvilon.
159812 | Abyss:3  | Paralysed by you for 5 turns
159883 | Abyss:3  | Noticed an ancient lich
160440 | Abyss:3  | Identified the +8 fustibalus of Haorom {vorpal, rF+ Int+4}
160548 | Abyss:3  | Reached skill level 22 in Spellcasting
160606 | Abyss:3  | Found a transporter.
161343 | Abyss:3  | Paralysed by you for 4 turns
161433 | Abyss:3  | Found a shimmering altar of Xom.
161436 | Abyss:3  | Found a shimmering altar of Xom.
161437 | Abyss:3  | Found a shimmering altar of Xom.
161437 | Abyss:3  | Found a shimmering altar of Xom.
161437 | Abyss:3  | Found a shimmering altar of Xom.
161487 | Abyss:3  | Found a shimmering altar of Xom.
161487 | Abyss:3  | Found a shimmering altar of Xom.
161487 | Abyss:3  | Found a shimmering altar of Xom.
161488 | Abyss:3  | Found a shimmering altar of Xom.
161489 | Abyss:3  | Found a shimmering altar of Xom.
161489 | Abyss:3  | Found a corrupted altar of Lugonu.
161491 | Abyss:3  | Found a shimmering altar of Xom.
161501 | Abyss:3  | Found a shimmering altar of Xom.
161675 | Abyss:3  | Got an abyssal rune of Zot
161680 | Abyss:3  | Noticed a dread lich
161818 | Depths:1 | Escaped the Abyss
162455 | Geh:1    | Entered Level 1 of Gehenna
162490 | Geh:1    | Reached skill level 23 in Spellcasting
163297 | Depths:1 | Voluntarily entered the Abyss.
163303 | Abyss:1  | Noticed an ancient lich
163319 | Abyss:1  | Killed an ancient lich
163566 | Abyss:1  | Paralysed by accursed screaming for 1 turns
163599 | Depths:1 | Escaped the Abyss
164752 | Geh:3    | Noticed an ancient lich
165107 | Geh:3    | Killed an ancient lich
165143 | Geh:3    | Reached skill level 24 in Spellcasting
165704 | Depths:4 | Voluntarily entered the Abyss.
165715 | Abyss:1  | Paralysed by accursed screaming for 1 turns
165734 | Abyss:1  | Killed an ancient lich
165815 | Depths:4 | Escaped the Abyss
166766 | Geh:5    | Noticed an ancient lich
166968 | Hell     | Upgraded the game from 0.28-a0-1412-gf95308ed99 to
                  | 0.28-a0-1435-g82390b3a13
167435 | Pan      | Entered Pandemonium
167512 | Pan      | Identified the +9 trident of the Crushing Seeker {vamp,
                  | Int+3}
167623 | Pan      | Identified the +0 pair of boots "Coostuent" {+Inv rElec
                  | Str+8}
168023 | Pan      | Identified the Guide on Spatial Heat
168039 | Pan      | Noticed Ulioc the pandemonium lord
168045 | Pan      | Killed Ulioc the pandemonium lord
168101 | Pan      | Reached skill level 25 in Spellcasting
168105 | Pan      | Got a demonic rune of Zot
168459 | Pan      | Noticed Yczicoiwe the pandemonium lord
168478 | Pan      | Gained mutation: You sometimes lose the ability to read
                  | scrolls when taking damage. [a cacodemon]
168549 | Pan      | Killed Yczicoiwe the pandemonium lord
168765 | Pan      | Found an exit through the horrors of the Abyss.
169591 | Pan      | Gained mutation: You are covered in fur. (AC +1) [a
                  | neqoxec]
169597 | Pan      | Noticed Kythelaf the pandemonium lord
169915 | Pan      | Killed Kythelaf the pandemonium lord
170796 | Pan      | Noticed Poviz the pandemonium lord
170849 | Pan      | Reached skill level 26 in Spellcasting
170906 | Pan      | Killed Poviz the pandemonium lord
171823 | Pan      | Found an exit through the horrors of the Abyss.
172407 | Pan      | Noticed Doraj the pandemonium lord
172422 | Pan      | Killed from afar by Doraj the pandemonium lord

Illustrated notes

Levels and vault maps discovered:
D:1:      nicolae_arrival_memento_mori, layout_rooms
D:2:      layout_basic, basic_altar
D:3:      cheibrodos_helix_gallery, layout_basic,
          mainiacjoe_overflow_catwalk_spiral, dreamdust_ecumenical_altar_statues
D:4:      layout_gridville, minmay_temple_entry_junction, serial_bayou,
          serial_bayou_pond_d, serial_bayou_shore_b, serial_bayou_crossing,
          serial_bayou_shore_a
D:5:      layout_loops_cross, nicolae_vehumet_radiance,
          kennysheep_generic_room_3, uniq_duvessa
D:6:      layout_loops_ring, serial_shops, nicolae_shop_behind_doors,
          uniq_crazy_yiuf_cottage
D:7:      layout_basic, dk_yredelemnul_ordeal, mainiacjoe_overflow_alcove_4
D:8:      layout_cave_pods, minmay_guarded_unrand_finisher
D:9:      layout_loops_cross, dpeg_oklobed_lair, hiddenorc1_lemuel, uniq_maurice
D:10:     layout_grid_maze, serial_rivers, chequers_serial_rivers_large_b,
          chequers_serial_rivers_marsh, chequers_serial_rivers_micro_b,
          chequers_serial_rivers_small_b, disabler_island, uniq_urug,
          uniq_psyche
D:11:     layout_basic
D:12:     layout_gridville, grunt_potential
D:13:     layout_cave_pods, david_vaults_4, serial_column_ruins,
          column_ruins_hut, column_ruins_open_small, column_ruins_grid_1,
          column_ruins_open_large, column_ruins_open_large,
          column_ruins_open_tiny, column_ruins_open_tiny,
          column_ruins_columns_straight, uniq_snorg
D:14:     minmay_shrinking_squares, layout_basic, minmay_misc_feat_square,
          kennysheep_small_square
D:15:     grunt_enter_depths_snipers, layout_loops_cross, enter_trove_3
Lair:1:   layout_cave_pods, grunt_forest_small_clearings, serial_bayou_shore_b,
          grunt_megastairs_5
Lair:2:   layout_cave_shapes, minmay_snake_entry_six_corridors,
          gammafunk_ghost_hive, uniq_gastronok, uniq_prince_ribbit2
Lair:3:   nzn_winding_woodlands_huge [nzn_winding_woodlands_5x15_cabin,
          nzn_winding_woodlands_5x15_pool, nzn_winding_woodlands_5x15_eye,
          nzn_winding_woodlands_5x15_garden, nzn_winding_woodlands_5x15_twine,
          nzn_winding_woodlands_5x15_concentric,
          nzn_winding_woodlands_5x15_default, nzn_winding_woodlands_5x15_jagged,
          nzn_winding_woodlands_5x15_parted, nzn_winding_woodlands_5x15_pockets,
          nzn_winding_woodlands_center_pierced_h,
          nzn_winding_woodlands_center_lodge,
          nzn_winding_woodlands_15x15_eel_pit], layout_gridlike,
          spider_nest_entry_web_field
Lair:4:   layout_regular_city
Lair:5:   beast_lair_carwin_large_4, layout_gridlike, grunt_megastairs_3
Lair:6:   cheibrodos_lair_end_hotspot, layout_regular_city, slime_altar_2,
          infiniplex_staircase_pool
Snake:1:  layout_gridlike, serial_bayou_shore_b, uniq_roxanne, uniq_nikola,
          uniq_louise
Snake:2:  layout_concentric_octagons, serial_shops,
          nicolae_shop_temple_entry_statues_fountains, grunt_megastairs_2,
          minmay_shop_star, uniq_vashnia
Snake:3:  layout_chambers
Snake:4:  grunt_snake_rune_serpentine_throne, layout_misc_corridors,
          basic_altar, minmay_shop_grove
Spider:1: layout_spider_delve, einodemon_crawler_minivault, uniq_josephine,
          uniq_mlioglotl
Spider:2: layout_chambers, uniq_agnes
Spider:3: layout_chambers, drop_trap, nicolae_spider_stair_cavern
Spider:4: guppyfry_spider_rune, hangedman_stitches_earthworm, uniq_arachne,
          uniq_kirke
Slime:1:  layout_caves
Slime:2:  layout_caves
Slime:3:  layout_caves
Slime:4:  layout_caves, cheibrodos_slime_lost_civilization_5
Slime:5
Orc:1:    layout_diamond_mine, uniq_sonja
Orc:2:    st_orc_mages, layout_diamond_mine
Elf:1:    kennysheep_six_static_rooms, layout_gridlike, serial_shops, shop,
          evilmike_minifort, nicolae_elf_w_pinch, minivault_16,
          statue_in_the_mist_lemuel
Elf:2:    nicolae_elf_blades_splatter_lattice
          [nicolae_blade_entry_floor_patterns], layout_geoelf_grid,
          ebering_ghost_reflecting_pool, lemuel_flamethrower_hall
Elf:3:    minmay_elf_hall_not_hex, layout_geoelf_castle, hex_large,
          nicolae_concentric_dashed_squares_mild
Vaults:1: ebering_ghost_reflecting_pool, nicolae_vaults_ring_of_whatevers,
          vaults_mumra_hex, nicolae_vaults_octagons, ontoclasm_vaults_hangar,
          v_rooms_6, vaults_mumra_hexcomb, v_misc_16,
          vaults_standard_mumra_enter_the_diamond,
          vaults_mumra_minichess_inversion, vaults_dpeg_encased_lava,
          nicolae_vaults_mini_display_case, layout_vaults_chaotic_city,
          serial_shops, shop_statue
Vaults:2: vaults_room_door_ring, vaults_mumra_lcd,
          nicolae_vaults_three_branches, v_misc_25, dpeg_vaults_waves,
          nicolae_vaults_little_squares_3, ontoclasm_vaults_gateway,
          nicolae_vaults_little_squares_2, vaults_room_grid, vaults_room_pool,
          layout_vaults_omnigrid
Vaults:3: gammafunk_sealed_library, nicolae_vaults_ninety_degrees,
          minmay_crypt_entry_necro_gods, vaults_room_pool,
          nicolae_vaults_shelves_hall, v_rooms_1, v_misc_10,
          ontoclasm_vaults_spin, vaults_room_semicircle,
          hangedman_vaults_cutoff, v_misc_28, vaults_mumra_chevron,
          vaults_dpeg_ring, vaults_room_pool, layout_vaults_maze, uniq_asterion
Vaults:4: st_greater_box_2, ontoclasm_vaults_bender, ontoclasm_vaults_ligature,
          v_misc_25, vaults_mumra_minichess, grunt_vaults_hallway_short,
          nicolae_vaults_network_square, v_rooms_3, hangedman_vaults_trim,
          ontoclasm_vaults_loading_screen, vaults_room_stairs_pillars,
          layout_vaults_omnicross
Vaults:5
Crypt:1:  layout_chaotic_city, st_stairs_6, columned_hall_lemuel, uniq_donald
Crypt:2:  layout_misc_corridors
Crypt:3:  lightli_unholy_cathedral, layout_chaotic_city,
          tomb_entry_sphere_bobbens
Depths:1: minmay_skeletal_surprise, layout_gridlike, grunt_hell_entry_dis_old,
          trog_three_pillars_becter, abyss_entry_crystal,
          chequers_serial_rivers_micro_b, nicolae_tso_carved_into_rock,
          serial_bayou_shore_b
Depths:2: minmay_the_grid_triangle_9x9_rhombus_thin
          [minmay_the_grid_triangle_9x9_corrupted_corridor,
          minmay_the_grid_triangle_9x9_prize_center,
          minmay_the_grid_triangle_9x9_minimal,
          minmay_the_grid_triangle_9x9_empty], layout_basic, enter_ziggurat_f,
          cheibriados_altar_1, pan_entry, grunt_hell_horde,
          nzn_hepliaklqana_mist_gate, infiniplex_staircase_pool_lava
Depths:3: minmay_ambush_box, layout_gridlike, hangedman_decor_growths,
          abyss_entry, hell_entry, infiniplex_staircase_diamond, uniq_jory
Depths:4: grunt_zot_entry_alcove, layout_cave_pools, grunt_dithmenos_smoke,
          abyss_entry_flame_altar, hangedman_coc_ice_floe,
          minmay_stone_trees_medium, chequers_serial_rivers_small_3,
          hangedman_summoners_spam
Hell
Geh:1:    layout_gehenna_pools_box
Geh:2:    layout_gehenna_pools_triple
Geh:3:    layout_gehenna_lava_caves, nicolae_geh_single_fiery_grave
Geh:4:    layout_gehenna_pools_box
Geh:5:    layout_gehenna_pools_basic, evilmike_ambush
          [evilmike_ambush_outer_basic, evilmike_ambush_inner_pond]
Zot:1:    layout_misc_corridors, grunt_ministairs_7
Zot:2:    layout_cathedral_of_symmetry, grunt_megastairs_4
Zot:3:    layout_basic
Zot:4:    kennysheep_spiral_hall, layout_misc_corridors
Pan:      evilmike_mini_pan_pillars_b, layout_onion_city, rand_demon_8,
          layout_long_grid, pan_blood_fountain, rand_demon_3,
          layout_pan_divisions_a [pan_division_quadrant_a3,
          pan_division_quadrant_a1, pan_division_quadrant_a3,
          pan_division_quadrant_a5, pan_division_octagon_empty],
          nicolae_pan_gloorx_vloqian_1, nicolae_pan_hourglass, layout_basic,
          pan_blood_fountain_small, grunt_pan_pentagram, layout_gridlike,
          nicolae_pan_lom_lobonic_3

Skill      XL: |  1  2  3  4  5  6  7  8  9 10 11 12 13 14 15 16 17 18 19 20 21 22 23 24 25 26 27 |
---------------+----------------------------------------------------------------------------------+-----
Stealth        | 2 3 4 5 6 7 8 9 10 11 12 13 14 15 17 | 17.8
Dodging        | 3 4 5 6 7 8 9 10 11 12 13 15 16 17 18 19 20 | 20.5
Spellcasting   | 4 5 6 7 8 9 10 11 12 13 14 15 26 | 26.2
Fighting       | 1 3 4 6 7 8 9 10 11 12 13 14 15 16 17 18 19 22 | 22.0
Polearms       | 1 2 4 6 8 9 11 12 13 14 15 16 17 18 19 21 | 21.6
Throwing       | 1 2 4 5 6 7 8 |  8.0
Evocations     | 2 5 6 7 9 10 12 15 16 | 16.3
Armour         | 1 6 19 | 19.0

Action                   |  1- 3 |  4- 6 |  7- 9 | 10-12 | 13-15 | 16-18 | 19-21 | 22-24 | 25-27 || total
-------------------------+-------+-------+-------+-------+-------+-------+-------+-------+-------++-------
Melee: Unarmed           |     1 |       |       |       |       |       |       |       |       ||     1
       Short sword       |     9 |    32 |       |       |       |       |       |       |       ||    41
       Headbutt          |       |     1 |     5 |     2 |     2 |       |       |       |       ||    10
       Spear             |       |       |   309 |   171 |       |       |       |       |       ||   480
       Scythe            |       |       |       |   227 |   700 |   969 |   930 |   957 |  6453 || 10236
       Trident           |       |       |       |    15 |       |       |       |       |       ||    15
Throw: Dart              |       |       |       |     2 |    12 |       |    76 |    25 |    25 ||   140
       Javelin           |       |       |       |       |    18 |    20 |     4 |    55 |   100 ||   197
       Boomerang         |       |       |       |       |       |   135 |   203 |       |    76 ||   414
       Throwing net      |       |       |       |       |       |     1 |     2 |       |       ||     3
 Cast: Freeze            |    45 |    47 |     1 |       |     4 |       |       |       |     2 ||    99
       Frozen Ramparts   |       |     2 |    17 |    23 |    22 |    46 |    29 |     8 |    29 ||   176
       Beastly Appendage |       |     2 |     4 |     5 |     2 |       |     1 |       |       ||    14
       Ozocubu's Armour  |       |     1 |       |     3 |     3 |    21 |    37 |    20 |    41 ||   126
       Swiftness         |       |       |     2 |       |       |       |     2 |     1 |     1 ||     6
       Hailstorm         |       |       |       |     3 |     8 |    27 |     7 |     9 |     4 ||    58
       Cause Fear        |       |       |       |     2 |     1 |     1 |     1 |       |     3 ||     8
       Corpse Rot        |       |       |       |     1 |     1 |       |     1 |       |     1 ||     4
       Borgnjor's Vile C |       |       |       |       |    63 |   119 |    82 |    45 |   116 ||   425
       Agony             |       |       |       |       |       |     3 |       |     3 |       ||     6
       Starburst         |       |       |       |       |       |    31 |    31 |    31 |    93 ||   186
       Statue Form       |       |       |       |       |       |     7 |     4 |    12 |    13 ||    36
       Death Channel     |       |       |       |       |       |       |     2 |       |       ||     2
       Maxwell's Capacit |       |       |       |       |       |       |     1 |     1 |     1 ||     3
       Infestation       |       |       |       |       |       |       |       |     3 |     5 ||     8
       Ignition          |       |       |       |       |       |       |       |       |   134 ||   134
       Dragon's Call     |       |       |       |       |       |       |       |       |    12 ||    12
Invok: Curse Item        |       |     1 |     3 |     2 |     5 |       |     2 |     1 |     2 ||    16
       Shatter the Chain |       |       |       |     1 |     2 |     1 |     2 |     1 |     1 ||     8
Evoke: Wand              |       |     3 |    19 |     9 |     1 |    15 |    26 |    13 |    36 ||   122
       Lightning rod     |       |       |       |       |     5 |     4 |     6 |     4 |     6 ||    25
       Piece from Xom's  |       |       |       |       |    16 |     1 |       |       |     1 ||    18
       Phial of floods   |       |       |       |       |       |       |     2 |     1 |     1 ||     4
       Condenser vane    |       |       |       |       |       |       |       |     3 |     3 ||     6
       Box of beasts     |       |       |       |       |       |       |       |       |     2 ||     2
       Horn of Geryon    |       |       |       |       |       |       |       |       |     1 ||     1
       Phantom mirror    |       |       |       |       |       |       |       |       |     1 ||     1
  Use: Scroll            |       |     7 |     3 |     3 |     5 |    10 |     9 |    13 |    15 ||    65
       Potion            |       |       |     4 |     3 |     4 |     5 |    13 |    11 |    30 ||    70
 Stab: Sleeping          |       |     2 |    10 |    21 |    34 |    20 |    37 |    28 |    71 ||   223
       Distracted        |       |       |     2 |     1 |     5 |     8 |    11 |    10 |   155 ||   192
       Paralysed         |       |       |       |       |     2 |       |     1 |       |       ||     3
       Invisible         |       |       |       |       |       |       |       |       |     4 ||     4
       Petrifying        |       |       |       |       |       |       |       |       |     1 ||     1
Armor: Robe              |     7 |     5 |    29 |    42 |    58 |   180 |    66 |    78 |   248 ||   713
       Skin              |       |       |       |       |       |    27 |    10 |    66 |    83 ||   186
       Ring mail         |       |       |       |       |       |       |       |       |   476 ||   476
Dodge: Dodged            |    38 |    64 |   219 |   264 |   424 |   768 |   481 |   742 |  3531 ||  6531
Block: Orb               |       |       |       |     7 |    94 |       |       |       |       ||   101
       Other             |       |       |       |    34 |    16 |   196 |   117 |   157 |   667 ||  1187
       Reflection        |       |       |       |       |     6 |     3 |    19 |     7 |     8 ||    43

Table legend: (Time is in decaauts)
 A = Elapsed time spent in this place.
 B = Non-inter-level travel time spent in this place.
 C = Inter-level travel time spent in this place.
 D = Time resting spent in this place.
 E = Time spent auto-exploring this place.
 F = Levels seen in this place.
 G = Mean time per level.
                   A        B        C        D        E       F      G
               +--------+--------+--------+--------+--------+-----+--------+
         Total | 169152 | 159029 |  10123 |  88817 |  28253 |  74 | 2285.8 |
       Dungeon |  35134 |  31822 |   3312 |  18025 |   8826 |  15 | 2342.3 |
          Lair |  21461 |  19481 |   1980 |  12734 |   2014 |   6 | 3576.8 |
     Snake Pit |  14081 |  13111 |    970 |   7801 |   1557 |   4 | 3520.2 |
   Spider Nest |  20661 |  20426 |    235 |  15182 |   1576 |   4 | 5165.2 |
    Slime Pits |   2211 |   2156 |     55 |   1100 |      0 |   5 |  442.2 |
  Orcish Mines |   4031 |   3494 |    537 |   1792 |    880 |   2 | 2015.5 |
   Elven Halls |   9958 |   9610 |    348 |   5470 |   1220 |   3 | 3319.3 |
        Vaults |  18884 |  17940 |    944 |  10329 |   3460 |   5 | 3776.8 |
         Crypt |   6564 |   6413 |    151 |   3697 |   1025 |   3 | 2188.0 |
        Depths |  12535 |  11207 |   1328 |   7114 |   1851 |   4 | 3133.8 |
          Hell |   1783 |   1674 |    109 |   1214 |    170 |   1 | 1783.0 |
       Gehenna |   1891 |   1888 |      3 |    702 |    226 |   5 |  378.2 |
           Zot |   4787 |   4641 |    146 |   1946 |   1498 |   4 | 1196.8 |
         Abyss |  10660 |  10660 |      0 |    709 |   2336 |   8 | 1332.5 |
   Pandemonium |   4504 |   4504 |      0 |    998 |   1614 |   5 |  900.8 |
               +--------+--------+--------+--------+--------+-----+--------+

Top non-repeatable levels by time:
Spider:3: 10137 daAuts
 Abyss:2: 6540 daAuts
Depths:1: 6271 daAuts
Vaults:1: 5460 daAuts
Vaults:4: 5319 daAuts
 Snake:3: 4873 daAuts
  Lair:1: 4514 daAuts
  Lair:3: 4443 daAuts
   Elf:3: 4225 daAuts
  Lair:6: 4187 daAuts
Spider:4: 4178 daAuts
Spider:2: 4169 daAuts
  Lair:2: 3950 daAuts
 Snake:4: 3828 daAuts
     D:9: 3621 daAuts
